 Dungeon Crawl Stone Soup version coffee-0.2.0 (webtiles) character file.

Game seed: 13591792556264755067, levelgen mode: deterministic

12782 Dorkslayer the Slicer (level 11, -11/92 HPs)
             Began as a Demigod Fighter on Oct 17, 2020.
             Splashed by a yellow draconian's acid (14 damage)
             ... on level 10 of the Dungeon.
             The game lasted 00:34:25 (7391 turns).

Dorkslayer the Slicer (Demigod Fighter)             Turns: 7391, Time: 00:34:26

Health: -11/92     AC: -3    Str: 31    XL:     11   Next: 40%
Magic:  18/18      EV: 19    Int: 12    God:
Gold:   690        SH: 16    Dex: 26    Spells: 10/10 levels left

rFire    . . .     SeeInvis .   l - +8 arc blade {discharge, rElec}
rCold    . . .     Gourm    .   c - +0 kite shield
rNeg     + + .     Faith    .   k - +4 ring mail "Losk" {rN++ MR- Dex+6}
rPois    .         Spirit   .   (no helmet)
rElec    +         Reflect  +   n - scarf {cloud immunity}
rCorr    .         Harm     .   (no gloves)
MR       .....                  J - +0 pair of boots
Stlth    ++++......             F - +2 amulet of reflection
HPRegen  0.25/turn              H - +6 ring of strength
MPRegen  0.16/turn              G - +5 ring of dexterity

@: corroded
A: high mp 1
a: no special abilities


You were on level 10 of the Dungeon.
You were not hungry.

You visited 1 branch of the dungeon, and saw 10 of its levels.

You collected 690 gold pieces.

Inventory:

Hand Weapons
 l - the +8 arc blade (weapon) {discharge, rElec}
   (You found it on level 1 of the Dungeon)

   It insulates you from electricity.
 K - a +5 scimitar
Missiles
 v - 16 boomerangs (quivered)
 A - 6 curare-tipped darts
Armour
 c - a +0 kite shield (worn)
 k - the +4 ring mail "Losk" (worn) {rN++ MR- Dex+6}
   (You found it on level 1 of the Dungeon)

   It affects your dexterity (+6).
   It greatly protects you from negative energy.
   It affects your resistance to hostile enchantments.
 n - a scarf of cloud immunity (worn)
 t - a +0 tower shield
 B - a +0 plate armour
 J - a +0 pair of boots (worn)
Jewellery
 z - an uncursed ring of protection from cold
 F - a +2 amulet of reflection (around neck)
 G - a +5 ring of dexterity (right hand)
 H - a +6 ring of strength (left hand)
Wands
 y - a wand of flame (2)
 M - a wand of random effects (3)
Scrolls
 b - a scroll of immolation
 d - 2 scrolls of fog
 h - a scroll of silence
 i - a scroll of holy word
 j - 4 scrolls of enchant weapon
 r - a scroll of amnesia
 s - 10 scrolls of remove curse
 u - 2 scrolls of fear
 x - a scroll of blinking
 C - 5 scrolls of teleportation
 E - a scroll of magic mapping
 N - a scroll of enchant armour
Potions
 e - 3 potions of flight
 m - a potion of ambrosia
 o - a potion of mutation
 q - a potion of cancellation
 w - 2 potions of curing
Miscellaneous
 L - a fan of gales (inert)
Comestibles
 a - a chunk of flesh
 f - 19 rations


   Skills:
 * Level 7.4(10.0) Fighting
 * Level 10.7(10.8) Short Blades
 + Level 2.0(7.2) Long Blades
 + Level 2.3 Throwing
 + Level 4.9(9.1) Armour
 + Level 4.1(8.8) Dodging
 + Level 4.8(9.7) Stealth
 + Level 6.5(9.6) Shields
 * Level 5.8 Evocations


You had 10 spell levels left.
You didn't know any spells.
Your spell library contained the following spells:

 Spells                   Type           Power        Failure   Level  Hunger
 Corona                   Hex            ###....      2%          1    None
 Freeze                   Ice            #...         26%         1    None
 Animate Skeleton         Necr           N/A          38%         1    None
 Apportation              Tloc           #.....       38%         1    None
 Summon Small Mammal      Summ           #...         38%         1    None
 Frozen Ramparts          Ice            #.....       63%         3    ###....
 Ozocubu's Armour         Chrm/Ice       #.......     71%         3    ###....
 Hailstorm                Conj/Ice       #.......     98%         4    ####...
 Summon Ice Beast         Ice/Summ       #.......     98%         4    ####...


Dungeon Overview and Level Annotations

Branches:
Dungeon (10/10)            Temple (0/1) D:2             Zot (0/1) D:10

Shops:
D:5 %   D:7 =   D:8 ?


Innate Abilities, Weirdness & Mutations

You have an increased reservoir of magic. (+10% MP)


Message History

You completely miss the yellow draconian.
The yellow draconian is lightly wounded.
The yellow draconian throws acid at you.
The glob of acid hits you!
You are splashed with acid!
* * * LOW HITPOINT WARNING * * *
You hit the yellow draconian.
The yellow draconian is lightly wounded.
The yellow draconian misses you.
You hit the yellow draconian but do no damage.
The yellow draconian is lightly wounded.
You feel better.
The yellow draconian hits you with a +0 dire flail!
* * * LOW HITPOINT WARNING * * *
You puncture the yellow draconian!
The yellow draconian is heavily wounded.
The yellow draconian throws acid at you.
The glob of acid hits you!!
* * * LOW HITPOINT WARNING * * *
You are splashed with acid!
You die...

,**,,.........##,,** *,*
,,,,,.⌠...⌠....##,,***,*
,,,,,...d.......##,,**,**********
,,⌠,,............##,**,,,,,,,,,,*
,,,,,.########.d..#,,**********,*
*,,,*** ###..##,* *,*
*,,,*############).#,******* *,*
,,,*##.........##d##,,,,,,,* *,*
,⌠,,#.∩.........@.#*,*****,* *,*
,,,*##.(.......##†##,* *,* *,*
#...*############..#,*****,* *,*
#...### ###..##,**,**,****,*
......########....#,,*,,,,,,,,,,*
..⌠..............##,,,,,,,,******
................##,,,,,,,,,**
......⌠...⌠....##,,,,,,,,,,,*
,*#...........##,,**,,,,,,,**


You could see a yellow draconian.

Vanquished Creatures
  A golden dragon (D:10)
  A two-headed ogre (D:9)
  2 unseen horrors
  A draconian stormcaller (D:10)
  An ugly thing (D:7)
  A draconian shifter (D:10)
  A cyclops (D:6)
  2 bone dragons (D:10)
  The ghost of natoth the Ruffian, a novice MiFi of Okawaru (D:4)
  A black draconian (D:10)
  A white draconian (D:10)
  A merfolk (D:10)
  4 hippogriffs
  A human (D:10)
  A vampire (D:10)
  A wyvern (D:8)
  Grum (D:9)
  2 hungry ghosts
  2 soldier ants
  4 sky beasts
  A hornet zombie (D:7)
  3 orc warriors
  3 ice beasts
  A phantom (D:7)
  A necrophage (D:10)
  4 ogres
  4 wolves (D:9)
  4 centaurs
  2 big kobolds
  7 bullfrogs
  A water moccasin zombie (D:8)
  2 scorpions
  8 killer bees
  3 howler monkeys
  5 wights (D:8)
  3 centaur zombies
  2 crimson imps
  5 jellies
  2 bullfrog zombies
  4 bullfrog skeletons
  2 hounds (D:6)
  5 orc priests
  7 orc wizards
  A centaur skeleton (D:8)
  An iguana (D:6)
  5 worker ants
  Ijyb (D:5)
  A killer bee zombie (D:5)
  A centaur simulacrum (D:4)
  A bullfrog simulacrum (D:4)
  A hound skeleton (D:4)
  4 gnolls (D:3)
  3 adders
  A hound simulacrum (D:4)
  4 shadow imps
  A white imp (D:4)
  2 worms
  A dart slug (D:1)
  An adder simulacrum (D:4)
  A leopard gecko (D:4)
  30 orcs
  2 giant cockroaches (D:1)
  4 goblins
  8 hobgoblins
  5 jackals
  22 kobolds
  2 quokkas (D:3)
  6 bats
  A frilled lizard (D:1)
  A quokka simulacrum (D:4)
  7 rats
227 creatures vanquished.

Vanquished Creatures (others)
  An ice beast (D:10)
  A centaur (D:7)
2 creatures vanquished.

Grand Total: 229 creatures vanquished

Notes
Turn   | Place    | Note
-------+----------+-------------------------------------------
     0 | D:1      | Dorkslayer the Demigod Fighter began the quest for the Orb.
     0 | D:1      | Reached XP level 1. HP: 18/18 MP: 3/3
   262 | D:1      | Got the +4 ring mail "Losk" {rN++ MR- Dex+6}
   389 | D:1      | Reached XP level 2. HP: 26/26 MP: 4/4
   442 | D:1      | Found the +8 arc blade {discharge, rElec}
  1010 | D:2      | Reached XP level 3. HP: 31/31 MP: 5/5
  1085 | D:2      | Found a white marble altar of Elyvilon.
  1337 | D:2      | Found a staircase to the Ecumenical Temple.
  1396 | D:3      | Reached skill level 1 in Short Blades
  1396 | D:3      | Reached XP level 4. HP: 37/38 MP: 6/6
  1512 | D:3      | Reached skill level 2 in Short Blades
  1622 | D:3      | Reached XP level 5. HP: 45/45 MP: 7/7
  1674 | D:3      | You fall into a shaft and drop 2 floors!
  1674 | D:5      | Entered Level 5 of the Dungeon
  1685 | D:5      | Reached skill level 1 in Dodging
  1785 | D:4      | Reached skill level 3 in Short Blades
  2399 | D:4      | Noticed an ice beast
  2407 | D:4      | Killed an ice beast
  2407 | D:4      | Reached skill level 1 in Stealth
  2407 | D:4      | Reached XP level 6. HP: 51/51 MP: 8/8
  2522 | D:4      | Noticed natoth's ghost (novice MiFi)
  2545 | D:4      | Found a runed translucent gate.
  2545 | D:4      | Found a runed translucent gate.
  2545 | D:4      | Found a runed translucent gate.
  2575 | D:4      | Killed natoth's ghost
  2575 | D:4      | Reached skill level 4 in Short Blades
  2575 | D:4      | Reached XP level 7. HP: 40/59 MP: 9/9
  2592 | D:4      | Reached skill level 5 in Short Blades
  3260 | D:5      | Found a sacrificial altar of Ru.
  3260 | D:5      | Found a shadowy altar of Dithmenos.
  3318 | D:5      | Found a glowing silver altar of Zin.
  3327 | D:5      | Found Kocom's Food Shoppe.
  3394 | D:5      | Reached XP level 8. HP: 60/67 MP: 10/10
  3541 | D:5      | Noticed Ijyb
  3549 | D:5      | Killed Ijyb
  3713 | D:6      | Reached skill level 6 in Short Blades
  3922 | D:6      | Reached skill level 1 in Evocations
  4110 | D:6      | Reached skill level 7 in Short Blades
  4241 | D:6      | Noticed a cyclops
  4266 | D:6      | Killed a cyclops
  4266 | D:6      | Reached skill level 5 in Fighting
  4266 | D:6      | Reached XP level 9. HP: 54/74 MP: 13/13
  4647 | D:6      | Identified the +5 arbalest "Newtslayer" {elec, *Contam
                  | Int-5 Dex+8 SInv}
  4711 | D:6      | Reached skill level 8 in Short Blades
  4781 | D:7      | Found Uthov's Jewellery Boutique.
  4793 | D:7      | Noticed a red ugly thing
  4808 | D:7      | Killed a red ugly thing
  5025 | D:7      | Reached skill level 5 in Shields
  5145 | D:7      | Found a radiant altar of Vehumet.
  5353 | D:8      | Reached skill level 9 in Short Blades
  5405 | D:8      | Found Orcheuxte's Magic Scroll Boutique.
  5740 | D:8      | Killed an unseen horror
  5740 | D:8      | Reached XP level 10. HP: 74/83 MP: 14/16
  5781 | D:8      | Found a shimmering blue altar of Sif Muna.
  6331 | D:9      | Noticed a two-headed ogre
  6362 | D:9      | Killed a two-headed ogre
  6362 | D:9      | Reached skill level 1 in Throwing
  6466 | D:9      | Reached skill level 10 in Short Blades
  6474 | D:9      | Noticed Grum
  6491 | D:9      | Killed Grum
  6647 | D:10     | Entered Level 10 of the Dungeon
  6667 | D:10     | Reached skill level 5 in Evocations
  6787 | D:10     | Killed an unseen horror
  6787 | D:10     | Reached XP level 11. HP: 54/92 MP: 18/18
  7168 | D:10     | Noticed a golden dragon
  7185 | D:10     | Killed a golden dragon
  7190 | D:10     | Found a gate to the Realm of Zot.
  7342 | D:10     | Noticed a yellow draconian stormcaller
  7350 | D:10     | Killed a yellow draconian stormcaller
  7391 | D:10     | HP: 3/92 [yellow draconian/glob of acid (20)]
  7391 | D:10     | Splashed by a yellow draconian's acid

Levels and vault maps discovered:
D:1:      minmay_arrival_diagonal_passages, layout_basic, minmay_pentomino_w2
D:2:      layout_rooms, nicolae_overflow_crystal_walls, lemuel_temple_firewalk_b
D:3:      layout_loops_ring
D:4:      layout_cave_pods, gammafunk_ghost_icy, hex_large
D:5:      layout_cave_pools, gammafunk_temple_overflow_wave,
          kennysheep_little_box, first_ration, serial_shops, shop, uniq_ijyb
D:6:      hangedman_cross_stitches, layout_layer_cave
D:7:      layout_basic, vehumet_crystals, serial_shops, shop
D:8:      layout_basic, serial_shops, shop_statue, basic_altar
D:9:      layout_rooms, uniq_grum
D:10:     grunt_zot_entry_gee_three, layout_loops_ring, hangedman_stone_soup,
          uniq_psyche

Skill      XL: |  1  2  3  4  5  6  7  8  9 10 11 |
---------------+----------------------------------+-----
Fighting       | 3 4 5 6 7 |  7.4
Shields        | 3 4 5 6 |  6.5
Armour         | 3 4 |  4.9
Short Blades   | 1 2 3 4 5 7 9 10 | 10.7
Long Blades    | 2 |  2.0
Dodging        | 1 2 3 4 |  4.1
Stealth        | 1 2 3 4 |  4.8
Evocations     | 2 3 5 |  5.8
Throwing       | 2 |  2.3

Action                   |  1- 3 |  4- 6 |  7- 9 | 10-12 || total
-------------------------+-------+-------+-------+-------++-------
Melee: Long sword        |    24 |       |       |       ||    24
       Rapier            |    33 |    75 |   214 |   190 ||   512
Throw: Throwing net      |     1 |       |     2 |       ||     3
       Boomerang         |       |       |     4 |    27 ||    31
Evoke: Wand              |       |       |     3 |    15 ||    18
       Fan of gales      |       |       |       |     1 ||     1
  Use: Scroll            |       |     2 |       |     2 ||     4
       Potion            |       |     1 |     2 |     5 ||     8
 Stab: Sleeping          |     3 |     3 |     5 |     3 ||    14
       Held in net/web   |       |       |     1 |       ||     1
       Distracted        |       |       |     1 |     2 ||     3
       Invisible         |       |       |       |     5 ||     5
  Eat: Chunk             |     1 |     4 |     5 |     4 ||    14
       Ration            |       |       |     2 |     1 ||     3
Armor: Scale mail        |    11 |       |       |       ||    11
       Ring mail         |    19 |    18 |    34 |    20 ||    91
Dodge: Dodged            |    25 |    18 |    76 |    66 ||   185
Block: Kite shield       |    32 |    35 |   119 |   120 ||   306
       Reflection        |       |       |     8 |     3 ||    11
       Rpst.: Long sword |     5 |       |       |       ||     5
